 Dungeon Crawl Stone Soup version 0.22-a0-283-g1871b15 (webtiles) character file.

186 wvc the Cudgeler (level 5, -8/39 HPs)
             Began as a Barachi Wanderer on Mar 17, 2018.
             Mangled by a gnoll
             ... wielding a +0 halberd
              (15 damage)
             ... on level 4 of the Dungeon on Mar 18, 2018.
             The game lasted 00:06:41 (2669 turns).

wvc the Cudgeler (Barachi Wanderer)                 Turns: 2669, Time: 00:06:42

Health: -8/39      AC:  7    Str: 13 (14) XL:     5   Next: 65%
Magic:  8/8        EV:  9    Int: 19 (20) God:
Gold:   123        SH:  3    Dex:  8 (9)  Spells: 8/8 levels left

rFire    + . .     SeeInvis .   b - +0 mace
rCold    . . .     Gourm    .   c - +0 buckler
rNeg     . . .     Faith    .   j - +0 ring mail
rPois    .         Spirit   .   (helmet restricted)
rElec    .         Reflect  .   (no cloak)
rCorr    .         Harm     .   (no gloves)
MR       .....                  (no boots)
Stlth    ..........             (no amulet)
HPRegen  0.13/turn              (no ring)
MPRegen  0.11/turn              (no ring)

@: brilliant, about to teleport, slow
A: +LOS, swims, antennae 1, iridescent scales 1, fire resistance 1, slowness 1,
strong legs 1
a: Hop


You were on level 4 of the Dungeon.
You were not hungry.

You visited 1 branch of the dungeon, and saw 4 of its levels.

You collected 123 gold pieces.

Inventory:

Hand Weapons
 a - a +4 dagger
 b - a +0 mace (weapon)
Missiles
 h - 29 poisoned needles
Armour
 c - a +0 buckler (worn)
 e - a +0 helmet
 j - a +0 ring mail (worn)
Scrolls
 g - a scroll of amnesia {unknown}
 k - a scroll of identify {unknown}
 l - a scroll of immolation {unknown}
 o - a scroll of random uselessness {unknown}
Potions
 f - a potion of degeneration
 s - a potion of berserk rage {unknown}
Comestibles
 d - 4 rations
 m - 2 chunks of flesh


   Skills:
 - Level 2.4 Fighting
 + Level 5.7 Maces & Flails
   Level 1.0 Crossbows
 - Level 1.0 Throwing
 - Level 2.4 Armour
 - Level 1.1 Shields
 - Level 2.1 Spellcasting
   Level 1.1 Fire Magic


You had 8 spell levels left.
You didn't know any spells.

Dungeon Overview and Level Annotations

Branches:
Dungeon (4/15)
 Temple: D:4-7

Altars:
Sif Muna
Wu Jian
The Shining One

Annotations:
D:3 Sigmund
D:4 Eustachio; wvc's ghost, novice GnWn


Innate Abilities, Weirdness & Mutations

Shadows flee at your approach. (+LOS)
You can swim through water.
You cover ground slowly.
You can hop short distances.
You have a pair of small antennae on your head.
You are partially covered in iridescent scales. (AC +2)
Your flesh is heat resistant. (rF+)


Message History

The orc wizard is severely wounded.
The iguana hisses angrily.
The worker ant bites you but does no damage.
The gnoll hits you but does no damage. The orc wizard closely misses you.
The worker ant bites you but does no damage.
The orc hits you from afar with a trident.
* * * LOW HITPOINT WARNING * * *
You barely miss the orc wizard.
The orc wizard is severely wounded.
The orc wizard barely misses you. The gnoll hits you but does no damage.
The worker ant bites you but does no damage.
The orc barely misses you.
A gnoll comes into view. It is wielding a spear.
You barely miss the orc wizard.
The orc wizard is severely wounded.
The orc wizard hits you but does no damage.
The worker ant bites you.
* * * LOW HITPOINT WARNING * * *
The gnoll hits you from afar with a halberd!
You die...

#.#.# #.#.##
####....##
##........##
#..#.......# W
#.###......##>..
#..#.....g{{..
##.......a###.##g##
##.#.....@ooSg....
#)#.....###ol....
#.####### #.##
#.##### #.....##
######.# ######.#
#^.....# #.######


You could see an iguana, a worker ant, an orc wizard, 3 gnolls, an adder and 2
orcs.

Vanquished Creatures
  Blork the orc (D:4)
  A worker ant (D:4)
  4 adders
  A leopard gecko (D:2)
  2 ball pythons
  4 giant cockroaches
  8 goblins
  4 hobgoblins
  8 jackals (D:2)
  A quokka (D:3)
  7 bats
  4 frilled lizards
  8 kobolds
  5 rats
58 creatures vanquished.

Notes
Turn   | Place    | Note
-------+----------+-------------------------------------------
     0 | D:1      | wvc the Barachi Wanderer began the quest for the Orb.
     0 | D:1      | wvc set off with: a +2 scale mail, a +0 mace, a +0 buckler, a ration
     0 | D:1      | Reached XP level 1. HP: 17/17 MP: 3/3
    94 | D:1      | Reached skill level 1 in Maces & Flails
   299 | D:1      | Reached XP level 2. HP: 22/23 MP: 5/5
   408 | D:1      | Reached skill level 2 in Maces & Flails
   703 | D:2      | Reached skill level 3 in Maces & Flails
   703 | D:2      | Reached XP level 3. HP: 28/28 MP: 6/6
  1019 | D:1      | Gained mutation: You are partially covered in iridescent scales. (AC +2) [potion of mutation]
  1019 | D:1      | Gained mutation: Your flesh is heat resistant. (rF+) [potion of mutation]
  1019 | D:1      | Gained mutation: You have a pair of small antennae on your head. [potion of mutation]
  1478 | D:2      | Found a deep blue altar of Sif Muna.
  1542 | D:2      | Reached XP level 4. HP: 34/34 MP: 7/7
  1778 | D:3      | Reached skill level 4 in Maces & Flails
  1894 | D:3      | Found a glowing golden altar of the Shining One.
  2075 | D:3      | Found an ornate altar of the Wu Jian Council.
  2109 | D:3      | Noticed a moth of wrath
  2109 | D:3      | Noticed Sigmund
  2606 | D:4      | Noticed Blork the orc
  2625 | D:4      | Reached XP level 5. HP: 19/39 MP: 8/8
  2638 | D:4      | Killed Blork the orc
  2638 | D:4      | Reached skill level 5 in Maces & Flails
  2656 | D:4      | Noticed wvc's ghost (novice GnWn)
  2662 | D:4      | Noticed Eustachio
  2666 | D:4      | Upgraded the game from 0.22-a0-282-gdd34a7d to 0.22-a0-283-g1871b15
  2669 | D:4      | Mangled by a gnoll

Vault maps used:
D:1:      lightli_arrival_chessboard, hangedman_abyss_or_decor_stabs,
          corexii_leaking_fountain
D:2:      led_sif_pool, wad_floor_pattern_2, kennysheep_generic_room_10
D:3:      tso_metal_star, tgw_trog, lemuel_crystal_altar, uniq_sigmund
D:4:      kennysheep_mini, minmay_temple_entry_enclosed_plants, serial_shops,
          shop, first_ration, uniq_eustachio, uniq_duvessa, uniq_blork_the_orc,
          uniq_ijyb

Skill      XL: |  1  2  3  4  5 |
---------------+----------------+-----
Maces & Flails | 1 3 4 5 |  5.7
Fighting       | |  2.4
Crossbows      | |  1.0
Throwing       | |  1.0
Armour         | |  2.4
Shields        | |  1.1
Spellcasting   | |  2.1
Fire Magic     | |  1.1

Action                   |  1- 3 |  4- 6 || total
-------------------------+-------+-------++-------
Melee: Mace              |   154 |   103 ||   257
 Abil: Hop               |     1 |       ||     1
  Use: Potion            |     1 |     6 ||     7
       Scroll            |     1 |     1 ||     2
  Eat: Ration            |     1 |     1 ||     2
       Chunk             |     1 |     1 ||     2
Armor: Scale mail        |    20 |       ||    20
       Ring mail         |    86 |    61 ||   147
Dodge: Dodged            |   116 |    63 ||   179
Block: Buckler           |    20 |    15 ||    35

Table legend:
 A = Spawn XP
 B = Non-spawn XP
 C = Spawn XP percentage of total XP
 D = Spawn monster count
 E = Non-spawn monster count
 F = Spawn count percentage of total count
 G = Total turns spent on level
                    A         B        C        D         E        F      G
               +---------+---------+-------+---------+---------+-------+---------
         Total |       0 |     266 |   0.0 |       0 |      58 |   0.0 |  2669
               +---------+---------+-------+---------+---------+-------+---------
           D:1 |       0 |      23 |   0.0 |       0 |      15 |   0.0 |   964
           D:2 |       0 |      64 |   0.0 |       0 |      30 |   0.0 |   799
           D:3 |       0 |      37 |   0.0 |       0 |      10 |   0.0 |   655
           D:4 |       0 |     142 |   0.0 |       0 |       3 |   0.0 |   251
               +---------+---------+-------+---------+---------+-------+---------
